AoeStats
← KuellerEgg

MegaRandom

503797280Analyzed
1v1 RM · 28d ago on Sep 2, 2026· 30m 9s· 2 players
Game mode
Random Map
Map size
Tiny (2 player)
Population
200
Speed
Normal
Resources
Standard
Victory
Conquest
Starting age
Dark Age
Ending age
Imperial Age
RankedLock teamsTeams togetherTeam positionsShared explorationLock speedFull tech treeHidden civsTurbo modeCheats
Victory
Defeat
🇬🇧 Hindustanis · United Kingdom
1209
+16
🇩🇪 Berbers · Germany
1219
-16
bvbbq
7:39 Loom
9:27 Feudal Age
10:19 Double-Bit Axe
14:15 Forging
14:49 Bloodlines
14:45 Horse Collar
15:44 Scale Barding Armor
22:45 Castle Age
20:46 Gold Mining
23:26 Fletching
24:03 Bodkin Arrow
24:21 Husbandry
24:52 Padded Archer Armor
24:40 Town Watch
25:54 Bow Saw
27:04 Leather Archer Armor
28:43 Ballistics
KuellerEgg
5:01 Loom
11:12 Feudal Age
15:50 Castle Age
14:33 Double-Bit Axe
24:36 Forging
25:34 Town Watch
27:03 Fletching
28:14 Iron Casting
29:30 Padded Archer Armor
Connection lost

Rejoining the realm…

Still unreachable

The connection could not be restored.

Session expired

The server has moved on; the page needs a fresh start.